 Dungeon Crawl Stone Soup version 0.19.5 (webtiles) character file.

56342 equalderp2856 the Unseen (level 14, -2/67 HPs)
             Began as a Felid Fighter on Mar 18, 2017.
             Slain by a sixfirhy (3 damage)
             ... led by a cacodemon
             ... in Pandemonium on Mar 19, 2017.
             The game lasted 05:50:19 (90176 turns).

equalderp2856 the Unseen (Felid Fighter)           Turns: 90176, Time: 05:50:21

Health: -2/67      AC:  3    Str: 12 (13) XL:     14   Next: 41%
Magic:  0/31       EV: 28    Int: 13 (14) God:
Gold:   2272       SH:  0    Dex: 16 (17) Spells: 14 memorised, 6 levels left
                                        Lives:  0   Deaths: 3

rFire  . . .     SeeInvis +       - Unarmed
rCold  + . .     Gourm    .     (armour unavailable)
rNeg   . . .     Faith    .     (shield unavailable)
rPois  +         Spirit   +     (helmet unavailable)
rElec  .         Reflect  .     (cloak unavailable)
rCorr  .         Harm     .     (gloves unavailable)
MR     ++...                    (boots unavailable)
Stlth  ++++++++..               u - amulet of guardian spirit
                                A - ring of poison resistance
                                h - ring of stealth

@: about to teleport, marked, weakened, very slightly contaminated, studying
Fire Magic, quick
A: no armour, no weapons or thrown items, stealth, claws 1, fangs 3, see
invisible, carnivore 3, deterioration 2, speed 1, shaggy fur 3, slow metabolism
1, sharp paws
a: no special abilities


You were in Pandemonium.
You were not hungry.

You visited 4 branches of the dungeon, and saw 26 of its levels.
You visited Pandemonium 1 time, and saw 3 of its levels.
You also visited: Labyrinth and Volcano.

You collected 2305 gold pieces.
You spent 33 gold pieces at shops.

Inventory:

Jewellery
 h - a ring of stealth (left paw)
 i - a cursed ring of loudness {unknown}
 n - an uncursed ring of wizardry
 u - an amulet of guardian spirit (around neck)
 A - a ring of poison resistance (right paw)
 W - the amulet "Tigou" {Gourm rC+ Dex+3}
   (You found it in a labyrinth)

   [amulet of the gourmand]

   It allows you to eat raw meat even when not hungry.
   It affects your dexterity (+3).
   It protects you from cold.
Wands
 l - a wand of acid (5/15)
 s - a wand of polymorph (3/24)
 E - a wand of random effects (42/48)
 F - a wand of lightning (9/15)
 H - a wand of confusion (16/48)
 I - a wand of digging (8/24)
 J - a wand of paralysis (4/24)
 O - a wand of enslavement (15/24)
 U - a wand of iceblast (6/15)
 X - a wand of confusion (40/48)
 Z - a wand of paralysis (18/24)
Scrolls
 e - 10 scrolls of teleportation
 p - 6 scrolls of identify
 v - 2 scrolls of recharging
 w - 11 scrolls of remove curse
 y - a scroll of summoning
 K - 2 scrolls of fog
 N - 5 scrolls of magic mapping
 Q - 2 scrolls of amnesia
 S - 2 scrolls of silence
Potions
 a - 4 potions of agility
 c - a potion of beneficial mutation
 d - 4 potions of brilliance
 j - 3 potions of magic
 m - a potion of cancellation
 o - a potion of cure mutation
 t - 2 potions of berserk rage
 x - 4 potions of curing
 C - 4 potions of flight
 D - 2 potions of might
 G - a potion of haste
 M - 2 potions of invisibility
 R - 2 potions of ambrosia
 V - a potion of experience
Books
 f - a book of Spatial Translocations

   Spells                             Type                      Level
   a - Blink                          Translocation                2
   b - Shroud of Golubria             Charms/Translocation         2
   c - Lesser Beckoning               Translocation                3
   d - Portal Projectile              Translocation                3
   e - Teleport Other                 Translocation                3
   f - Passage of Golubria            Translocation                4
 g - a book of Air

   Spells                             Type                      Level
   a - Shock                          Conjuration/Air              1
   b - Swiftness                      Charms/Air                   2
   c - Repel Missiles                 Charms/Air                   2
   d - Static Discharge               Conjuration/Air              3
   e - Lightning Bolt                 Conjuration/Air              5
 k - a manual of Fire Magic
 B - a book of Geomancy

   Spells                             Type                      Level
   a - Sandblast                      Earth                        1
   b - Passwall                       Transmutation/Earth          2
   c - Stone Arrow                    Conjuration/Earth            3
   d - Petrify                        Transmutation/Earth          4
   e - Lee's Rapid Deconstruction     Earth                        5
 P - a book of Misfortune

   Spells                             Type                      Level
   a - Confusing Touch                Hexes                        1
   b - Confuse                        Hexes                        3
   c - Gell's Gravitas                Hexes/Translocation          3
   d - Petrify                        Transmutation/Earth          4
   e - Metabolic Englaciation         Hexes/Ice                    5
   f - Yara's Violent Unravelling     Hexes/Transmutation          5
 T - a book of Frost

   Spells                             Type                      Level
   a - Freeze                         Ice                          1
   b - Throw Frost                    Conjuration/Ice              2
   c - Ozocubu's Armour               Charms/Ice                   3
   d - Throw Icicle                   Conjuration/Ice              4
   e - Summon Ice Beast               Ice/Summoning                4
 Y - a book of Minor Magic

   Spells                             Type                      Level
   a - Magic Dart                     Conjuration                  1
   b - Blink                          Translocation                2
   c - Call Imp                       Summoning                    2
   d - Repel Missiles                 Charms/Air                   2
   e - Slow                           Hexes                        2
   f - Conjure Flame                  Conjuration/Fire             3
   g - Mephitic Cloud                 Conjuration/Poison/Air       3
Comestibles
 b - 12 meat rations
 q - 2 slices of pizza
 r - a beef jerky
 z - a royal jelly


   Skills:
 + Level 11.5 Fighting
 + Level 12.0 Dodging
 + Level 17.4 Stealth
 + Level 16.6 Unarmed Combat
 + Level 12.6 Spellcasting
 + Level 4.3 Conjurations
 + Level 11.3 Hexes
 + Level 1.3 Charms
 + Level 1.1 Translocations
 + Level 0.4 Transmutations
 + Level 0.3 Fire Magic
 + Level 0.8 Air Magic
 + Level 2.6 Earth Magic
 + Level 1.8 Evocations


You had 6 spell levels left.
You knew the following spells:

 Your Spells              Type           Power        Failure   Level  Hunger
a - Magic Dart            Conj           ###.         1%          1    None
b - Blink                 Tloc           N/A          10%         2    None
c - Call Imp              Summ           #.......     14%         2    None
d - Repel Missiles        Chrm/Air       ##....       10%         2    None
e - Slow                  Hex            #####...     1%          2    None
f - Conjure Flame         Conj/Fire      ##......     12%         3    None
g - Sandblast             Erth           ###...       3%          1    None
h - Passwall              Tmut/Erth      ##........   10%         2    None
i - Stone Arrow           Conj/Erth      ###...       8%          3    None
j - Swiftness             Chrm/Air       ##......     10%         2    None
k - Confusing Touch       Hex            #####.       1%          1    None
l - Confuse               Hex            #####...     1%          3    None
m - Throw Icicle          Conj/Ice       ##......     38%         4    ###....
n - Summon Ice Beast      Ice/Summ       #.......     85%         4    ###....


Dungeon Overview and Level Annotations

Branches:
Dungeon (15/15)            Temple (0/1) D:6            Lair (6/6) D:10
  Swamp (3/4) Lair:2       Spider (0/4) Lair:2        Slime (0/5) Lair:6
    Orc (2/2) D:9             Elf (0/3) Orc:2        Vaults (0/5) D:13
 Depths (0/5) D:15

Altars:
Jiyva

Shops:
D:6 *   Orc:1 =   Orc:2 *(:%*

Portals:
Pandemonium: Orc:2

Annotations:
D:6 Felix's ghost, novice MfSk
D:15 exclusion: Roxanne, Roxanne
Lair:2 5 exclusions
Lair:6 1 runed door


Innate Abilities, Weirdness & Mutations

You cannot wear armour.
You are incapable of wielding weapons or throwing items.
Your paws allow you to move quietly. (Stealth)
You have sharp claws.
You have razor-sharp teeth.
You have supernaturally acute eyesight. (SInv)
You are carnivorous and can eat meat at any time.
You cover ground quickly.
Your thick and shaggy fur keeps you warm. (AC +3, rC+)
You have a slow metabolism.
Your sharp claws are effective at attacking unaware monsters.
[Your body often deteriorates upon taking damage.]


Message History

Press: ? - help, Dir - move target cursor You are very lightly contaminated with residual magic.
As you read the scroll of blinking, it crumbles to dust.
You hear a grinding noise.
You feel better.
You feel better.
You feel better. The sixfirhy hits you. The sixfirhy shocks you!
* * * LOW HITPOINT WARNING * * *
The sixfirhy barely misses you. The sixfirhy misses you.
Okay, then.
As you read the scroll of teleportation, it crumbles to dust.
You feel strangely unstable. The sixfirhy completely misses you.
The sixfirhy closely misses you. x2
The sixfirhy hits you!
* * * LOW HITPOINT WARNING * * *
The sixfirhy shocks you!
* * * LOW HITPOINT WARNING * * *
You hear a grinding noise.
The sixfirhy hits you.
You die...

#### #@3#
#3.# #3.#
#2.# #..#
# #2.#
#..###⌠2#
#.2..423#
#.......#


You could see a cacodemon, a balrug, a green death, a blizzard demon, an orange
demon and 4 sixfirhies.

Vanquished Creatures
  Nessos (D:12)
  The ghost of Lizzreth the Fighter, a journeyman DsFi of Cheibriados (D:13)
  Snorg (D:13)
  The ghost of Haldmier the Fencer, a journeyman HESk of Ashenzari (Orc:2)
  A minotaur (Lab)
  A fire dragon (Lair:6)
  Josephine (Lair:5)
  11 hydras
  A vault guard (D:13)
  A ghost crab (Swamp:3)
  7 centaur warriors
  A catoblepas (Lair:3)
  7 alligators
  2 hell hogs (Volcano)
  Urug (D:15)
  2 tengu warriors
  4 orc high priests (Orc:2)
  A sun demon (Orc:2)
  A spriggan (Swamp:3)
  An infernal demonspawn (Orc:2)
  4 skeletal warriors (D:15)
  A spark wasp zombie (D:15)
  2 unseen horrors
  2 wizards
  A spriggan druid (Swamp:2)
  A gelid demonspawn (Orc:2)
  A flayed ghost (D:15)
  A sphinx zombie (D:15)
  2 swamp dragons
  The ghost of equalderp2856 the Gouger, a novice FeFi (D:9)
  12 hill giants
  2 lindwurms
  Pikel (D:7)
  A necromancer (D:15)
  3 deep elf magi (D:13)
  11 orc knights
  13 ugly things
  A salamander (shapeshifter) (D:15)
  11 orc sorcerers
  An oklob plant (Lair:3)
  4 manticores
  2 salamanders (Volcano)
  11 elephants
  3 cyclopes
  A moth of wrath (shapeshifter) (D:9)
  9 black mambas
  3 molten gargoyles (Lair:6)
  A gargoyle (D:14)
  An orange demon (Orc:2)
  Maurice (D:9)
  20 komodo dragons
  7 spiny frogs
  A kobold demonologist (D:15)
  A rime drake (shapeshifter) (D:15)
  An efreet (D:13)
  A rime drake (Lair:6)
  An ice devil (Orc:2)
  A guardian mummy (D:15)
  A hellwing (Orc:1)
  A red devil (Orc:2)
  3 meliai (D:15)
  8 trolls
  4 hornets
  A harpy skeleton (D:15)
  5 polar bears
  2 two-headed ogres
  A tyrant leech (Swamp:1)
  3 bog bodies
  Prince Ribbit (D:5)
  20 blink frogs
  15 slime creatures
  16 hippogriffs
  2 ice dragon skeletons (D:15)
  4 wraiths
  4 shadows
  43 yaks
  3 vampires
  6 basilisks
  9 wyverns
  19 vampire mosquitoes
  A chaos spawn (Orc:2)
  Grum (D:9)
  A steam dragon (D:10)
  5 mottled dragons
  4 hungry ghosts
  6 insubstantial wisps
  Menkaure (D:7)
  2 soldier ants
  2 wargs
  16 swamp worms
  6 porcupines
  7 hell hounds
  10 water moccasins
  49 orc warriors
  A sky beast (D:7)
  4 swamp drakes
  4 phantoms
  4 ice beasts
  An eye of draining (D:14)
  22 ogres
  7 wolves
  23 centaurs
  12 crocodiles
  2 big kobolds
  24 bullfrogs
  6 scorpions
  4 wyvern skeletons
  A water moccasin skeleton (D:10)
  21 killer bees
  5 electric eels (Lair:2)
  7 howler monkeys
  5 crimson imps
  5 lava snakes (Lair:6)
  A bullfrog zombie (D:10)
  5 centaur zombies
  3 quasits
  8 jellies
  4 bullfrog skeletons
  3 centaur skeletons
  39 orc priests
  8 hounds
  38 orc wizards
  2 iguanas
  11 worker ants
  2 hound zombies
  A worker ant zombie (D:6)
  14 gnolls
  14 adders
  5 shadow imps
  3 adder skeletons
  2 adder zombies
  4 worms
  5 dart slugs
  4 leopard geckos
  142 orcs
  A ball python (D:2)
  3 bats
  8 giant cockroaches
  6 goblins
  7 hobgoblins
  10 jackals
  3 quokkas
  5 frilled lizards
  15 kobolds
  A quokka zombie (D:6)
  A rat (D:1)
  2 fungi
  2 plants (Lair:6)
1010 creatures vanquished.

Vanquished Creatures (others)
  A two-headed ogre (Volcano)
  A vampire mosquito (D:15)
  A centaur (Volcano)
  A bush (Lair:5)
  15 fungi
  5 plants
  6 withered plants (D:15)
30 creatures vanquished.

Grand Total: 1040 creatures vanquished

Notes
Turn   | Place    | Note
-------+----------+-------------------------------------------
     0 | D:1      | equalderp2856 the Felid Fighter began the quest for the Orb.
     0 | D:1      | Reached XP level 1. HP: 10/10 MP: 2/2
   788 | D:1      | Reached XP level 2. HP: 14/14 MP: 3/3
  1720 | D:2      | Reached XP level 3. HP: 17/17 MP: 4/4
  1796 | D:2      | Reached skill level 1 in Stealth
  2348 | D:2      | Reached skill level 2 in Stealth
  2856 | D:3      | Reached XP level 4. HP: 19/21 MP: 5/5
  3308 | D:4      | Reached skill level 5 in Unarmed Combat
  3566 | D:4      | HP: 1/21 [orc wizard/dagger (5)]
  3863 | D:4      | Reached skill level 3 in Stealth
  4081 | D:4      | Reached XP level 5. HP: 15/24 MP: 3/6
  4227 | D:4      | Noticed an ogre
  4452 | D:4      | Killed an ogre
  4452 | D:4      | Reached skill level 4 in Stealth
  4561 | D:4      | Gained mutation: You are covered in thick fur. (AC +2) [Felid growth]
  4561 | D:4      | Reached XP level 6. HP: 19/28 MP: 4/7
  5080 | D:5      | Entered Level 5 of the Dungeon
  5117 | D:5      | Noticed Prince Ribbit
  5126 | D:5      | Killed Prince Ribbit
  5126 | D:5      | Reached skill level 5 in Dodging
  5126 | D:5      | Reached skill level 5 in Stealth
  5561 | D:5      | Reached XP level 7. HP: 31/31 MP: 8/8
  5565 | D:5      | Reached skill level 6 in Stealth
  6644 | D:6      | Reached skill level 7 in Stealth
  6653 | D:6      | Noticed Felix's ghost (novice MfSk)
  6909 | D:5      | Reached XP level 8. HP: 34/34 MP: 9/9
  7229 | D:6      | Found Peustu's General Store.
  7254 | D:6      | Bought a scroll of teleportation for 33 gold pieces
  7580 | D:6      | Reached skill level 1 in Evocations
  7647 | D:6      | Found a staircase to the Ecumenical Temple.
  8852 | D:7      | Noticed Menkaure
  9284 | D:8      | Reached skill level 8 in Stealth
  9508 | D:8      | Reached XP level 9. HP: 25/39 MP: 6/11
 10161 | D:9      | Noticed equalderp2856's ghost (novice FeFi)
 10179 | D:10     | Entered Level 10 of the Dungeon
 10232 | D:10     | Found a staircase to the Lair.
 10246 | D:11     | Noticed a brown ugly thing
 10600 | D:10     | Reached skill level 10 in Unarmed Combat
 10647 | D:10     | Reached skill level 9 in Stealth
 11632 | D:10     | Reached skill level 10 in Stealth
 11951 | D:10     | Noticed a komodo dragon
 12401 | D:10     | Reached XP level 10. HP: 37/43 MP: 9/12
 13146 | D:7      | Noticed Pikel
 13156 | D:7      | Killed Menkaure
 13323 | D:7      | Killed Pikel
 13323 | D:7      | Reached skill level 11 in Stealth
 13747 | D:7      | You fall through a shaft for 2 floors!
 13747 | D:9      | Found a staircase to the Orcish Mines.
 14227 | D:9      | Noticed Grum
 14571 | D:9      | Killed Grum
 15852 | D:8      | Reached skill level 12 in Stealth
 16800 | D:12     | Reached XP level 11. HP: 44/46 MP: 13/13
 16816 | D:12     | Noticed a hill giant
 17068 | D:11     | Noticed a hill giant
 17129 | Lair:1   | Entered Level 1 of the Lair of Beasts
 18439 | Lair:2   | Reached skill level 13 in Stealth
 18970 | Lair:2   | Found a staircase to the Swamp.
 19035 | Lair:2   | Reached skill level 1 in Spellcasting
 19778 | Lair:2   | Identified a scroll of acquirement
 20481 | Lair:3   | Noticed an oklob plant
 21632 | Lair:3   | Reached skill level 5 in Spellcasting
 22633 | Lair:4   | Gained mutation: Your thick and shaggy fur keeps you warm. (AC +3, rC+) [Felid growth]
 22633 | Lair:4   | Reached XP level 12. HP: 51/51 MP: 23/23
 22678 | Lair:4   | Found a dark tunnel.
 22841 | Volcano  | Entered a volcano
 22850 | Volcano  | Learned a level 1 spell: Magic Dart
 22853 | Volcano  | Learned a level 2 spell: Blink
 22856 | Volcano  | Learned a level 2 spell: Call Imp
 22859 | Volcano  | Learned a level 2 spell: Repel Missiles
 22862 | Volcano  | Learned a level 2 spell: Slow
 22866 | Volcano  | Learned a level 3 spell: Conjure Flame
 23432 | Volcano  | Noticed a hell hog
 23433 | Volcano  | Noticed a hell hog
 26218 | Volcano  | Killed a hell hog
 26543 | Volcano  | Killed a hell hog
 27709 | Lair:3   | Noticed a catoblepas
 27884 | Lair:4   | Noticed a four-headed hydra
 29689 | D:10     | Reached skill level 1 in Hexes
 30083 | D:11     | Reached skill level 5 in Fighting
 31806 | D:12     | Noticed Nessos
 32294 | D:9      | Killed equalderp2856's ghost
 32535 | Orc:1    | Entered Level 1 of the Orcish Mines
 32535 | Orc:1    | Noticed Maurice
 33292 | D:11     | Reached XP level 13. HP: 60/60 MP: 12/27
 35300 | D:11     | Hit by a large rock thrown by a cyclops
 35301 | D:11     | Reached XP level 12. HP: -21/58 MP: 0/26
 35336 | D:11     | Reached skill level 10 in Fighting
 36521 | D:11     | Reached skill level 10 in Dodging
 37089 | D:13     | Noticed a tengu warrior
 37264 | D:13     | Learned a level 1 spell: Sandblast
 37267 | D:13     | Learned a level 2 spell: Passwall
 37271 | D:13     | Learned a level 3 spell: Stone Arrow
 37427 | D:13     | Noticed a centaur warrior
 37442 | D:13     | Killed a centaur warrior
 37442 | D:13     | Reached skill level 10 in Spellcasting
 37447 | D:13     | Noticed Snorg
 37730 | D:13     | Reached skill level 1 in Conjurations
 38188 | D:13     | Noticed Lizzreth's ghost (journeyman DsFi)
 38572 | D:11     | Learned a level 2 spell: Swiftness
 39933 | D:9      | Killed Maurice
 40845 | D:9      | Reached skill level 1 in Earth Magic
 41047 | Orc:1    | Reached XP level 13. HP: 54/61 MP: 24/28
 41208 | Orc:1    | Found Buschypp's Jewellery Shoppe.
 42265 | Orc:2    | Entered Level 2 of the Orcish Mines
 42265 | Orc:2    | Found a staircase to the Elven Halls.
 42322 | Orc:2    | Noticed Haldmier's ghost (journeyman HESk)
 42365 | Orc:2    | Found a labyrinth entrance.
 42374 | Lab      | Entered a labyrinth
 43034 | Lab      | Noticed a minotaur
 43038 | Lab      | Killed a minotaur
 43076 | Lab      | Got a flickering graven amulet
 43077 | Lab      | Identified the amulet "Tigou" {Gourm rC+ Dex+3} (You found it in a labyrinth)
 52620 | Orc:2    | Reached skill level 5 in Hexes
 55425 | D:8      | Learned a level 1 spell: Confusing Touch
 55429 | D:8      | Learned a level 3 spell: Confuse
 58109 | Orc:2    | Killed Haldmier's ghost
 58462 | Orc:2    | Found Emimejal's Food Emporium.
 58482 | Orc:2    | Found Huicwimu's General Store.
 59951 | Orc:1    | Reached skill level 1 in Charms
 61290 | Orc:2    | Found Fasti's General Store.
 61819 | Orc:2    | Reached skill level 14 in Stealth
 64148 | Orc:2    | Reached XP level 14. HP: 66/66 MP: 26/30
 64309 | Orc:2    | Found Qanecod's Antique Weapon Boutique.
 64309 | Orc:2    | Found Mogoe's Book Shop.
 64310 | Orc:2    | Found a one-way gate leading to the halls of Pandemonium.
 66421 | D:13     | Killed Lizzreth's ghost
 66730 | D:13     | Killed Snorg
 67059 | D:13     | Reached skill level 1 in Translocations
 67158 | D:13     | Reached skill level 15 in Unarmed Combat
 67290 | D:13     | Found a gate to the Vaults.
 70508 | D:14     | Reached skill level 15 in Stealth
 70698 | D:15     | Entered Level 15 of the Dungeon
 70893 | D:15     | Noticed Urug
 70956 | D:15     | Killed Urug
 71768 | D:15     | Found a staircase to the Depths.
 72122 | D:15     | Reached XP level 15. HP: 63/71 MP: 24/31
 72943 | D:15     | Noticed Roxanne
 74551 | D:12     | Killed Nessos
 74563 | D:12     | Reached skill level 16 in Stealth
 76075 | Lair:5   | You fall through a shaft!
 76075 | Lair:6   | Entered Level 6 of the Lair of Beasts
 76154 | Lair:5   | Noticed Josephine
 77267 | Lair:5   | Killed Josephine
 78018 | Lair:6   | Reached skill level 10 in Hexes
 78047 | Lair:6   | Found a runed door.
 78047 | Lair:6   | Found a viscous altar of Jiyva.
 78047 | Lair:6   | Noticed an acid blob
 78048 | Lair:6   | Found a staircase to the Slime Pits.
 79330 | Lair:6   | Found a large runed door.
 79331 | Lair:6   | Found a large runed door.
 83346 | Lair:4   | Reached XP level 16. HP: 75/75 MP: 33/33
 83519 | Swamp:1  | Entered Level 1 of the Swamp
 84270 | Swamp:1  | Reached skill level 17 in Stealth
 89110 | Swamp:3  | Noticed a thorn hunter
 89654 | Swamp:2  | Slain by a six-headed hydra
 89655 | Swamp:2  | Reached XP level 15. HP: -1/71 MP: 0/32
 89772 | Swamp:2  | HP: 3/71 [thorn hunter (21)]
 89773 | Swamp:2  | Killed from afar by a thorn hunter
 89774 | Swamp:2  | Reached XP level 14. HP: -20/67 MP: 0/31
 90088 | Orc:2    | Learned a level 4 spell: Throw Icicle
 90093 | Orc:2    | Learned a level 4 spell: Summon Ice Beast
 90118 | Pan      | Entered Pandemonium
 90152 | Pan      | Noticed a cacodemon
 90159 | Pan      | Noticed a deep elf sorcerer
 90159 | Pan      | Noticed a deep elf blademaster
 90163 | Pan      | Noticed a cacodemon
 90167 | Pan      | Noticed a Hell Sentinel
 90167 | Pan      | Noticed a balrug
 90168 | Pan      | Noticed Desmiw the pandemonium lord
 90170 | Pan      | Noticed a cacodemon
 90176 | Pan      | HP: 1/67 [sixfirhy[a cacodemon] (7)]
 90176 | Pan      | Slain by a sixfirhy

Skill      XL: |  1  2  3  4  5  6  7  8  9 10 11 12 13 14 15 16 |
---------------+-------------------------------------------------+-----
Stealth        | 2 3 4 5 7 8 10 12 13 14 15 16 17 | 17.4
Unarmed Combat | 5 6 7 9 11 12 13 14 15 16 | 16.6
Dodging        | 5 6 7 9 10 11 12 | 12.0
Evocations     | 1 |  1.8
Fighting       | 4 10 11 | 11.5
Spellcasting   | 6 10 11 12 | 12.6
Hexes          | 4 7 8 10 11 | 11.3
Conjurations   | 2 3 4 |  4.3
Earth Magic    | 1 2 |  2.6
Charms         | 1 |  1.3
Translocations | 1 |  1.1
Transmutations | |  0.4
Fire Magic     | |  0.3
Air Magic      | |  0.8

Action                   |  1- 3 |  4- 6 |  7- 9 | 10-12 | 13-15 | 16-18 || total
-------------------------+-------+-------+-------+-------+-------+-------++-------
Melee: Unarmed           |   103 |    85 |   441 |  1152 |  1870 |   269 ||  3920
       Bite              |     5 |    10 |    48 |   138 |   272 |    39 ||   512
       Punch             |     1 |     7 |    18 |    68 |   162 |    28 ||   284
 Cast: Slow              |       |       |       |   112 |    97 |       ||   209
       Magic Dart        |       |       |       |    67 |   175 |    61 ||   303
       Conjure Flame     |       |       |       |    35 |    12 |       ||    47
       Stone Arrow       |       |       |       |    28 |   134 |    19 ||   181
       Repel Missiles    |       |       |       |     3 |    10 |     1 ||    14
       Blink             |       |       |       |     3 |     3 |       ||     6
       Sandblast         |       |       |       |     3 |       |       ||     3
       Confusing Touch   |       |       |       |       |   188 |    53 ||   241
       Confuse           |       |       |       |       |    77 |    10 ||    87
       Passwall          |       |       |       |       |    13 |       ||    13
       Swiftness         |       |       |       |       |     9 |     1 ||    10
       Call Imp          |       |       |       |       |     1 |       ||     1
Evoke: Wand              |       |     2 |     5 |    36 |     2 |       ||    45
  Use: Potion            |       |     4 |     2 |     5 |     8 |       ||    19
       Scroll            |       |     1 |     2 |    14 |    18 |     1 ||    36
 Stab: Sleeping          |     6 |     5 |    17 |    46 |    28 |     6 ||   108
       Distracted        |     3 |     1 |     5 |     9 |    14 |     1 ||    33
       Confused          |       |       |     3 |     7 |   145 |    35 ||   190
  Eat: Chunk             |     8 |     5 |    16 |    57 |    76 |     6 ||   168
       Beef jerky        |       |       |     2 |     2 |       |       ||     4
       Royal jelly       |       |       |       |     1 |       |       ||     1
       Meat ration       |       |       |       |       |     1 |       ||     1
Armor: Skin              |     6 |     2 |    13 |    36 |    59 |     5 ||   121
Dodge: Dodged            |    56 |    52 |   310 |  1028 |  1330 |   277 ||  3053
       Deflected         |       |       |       |    12 |    27 |     1 ||    40
